 Dungeon Crawl Stone Soup version 0.24.0-29-g8ce449bc06 (webtiles) character file.

Game seed: 13590853473817208158, levelgen mode: deterministic

29653 Flugslaktarn the Severer (level 13, -10/116 HPs)
             Began as a Hill Orc Fighter on Nov 14, 2019.
             Was the Champion of Uskayaw.
             Mangled by a spiny frog (13 damage)
             ... on level 6 of the Lair of Beasts.
             The game lasted 00:09:07 (16908 turns).

Flugslaktarn the Severer (Hill Orc Fighter)        Turns: 16908, Time: 00:09:07

Health: -10/116    AC: 20    Str: 27    XL:     13   Next: 46%
Magic:  20/20      EV: 12    Int:  8    God:    Uskayaw [******]
Gold:   875        SH: 12    Dex: 10    Spells: 12/12 levels left

rFire    . . .     SeeInvis .   l - +0 broad axe
rCold    . . .     Gourm    .   I - +0 shield
rNeg     . . .     Faith    +   J - +0 chain mail
rPois    .         Spirit   .   C - +0 helmet
rElec    .         Reflect  .   u - +0 cloak
rCorr    .         Harm     .   f - +2 pair of gloves
MR       .....                  i - +1 pair of boots
Stlth    ..........             a - amulet of faith
HPRegen  0.29/turn              x - +3 ring of strength
MPRegen  0.17/turn              v - +4 ring of evasion

@: lethally poisoned (-10 -> -40)
A: no striking features
a: Stomp, Line Pass, Grand Finale, Renounce Religion


You were on level 6 of the Lair of Beasts.
You worshipped Uskayaw.
Uskayaw was aware of your devotion.
You were not hungry.

You visited 3 branches of the dungeon, and saw 17 of its levels.

You collected 875 gold pieces.

Inventory:

Hand Weapons
 l - a +0 broad axe (weapon)
   (You found it on level 1 of the Lair of Beasts)
Missiles
 G - 2 throwing nets (quivered)
Armour
 f - a +2 pair of gloves (worn)
   (You found it on level 4 of the Dungeon)
 i - a +1 pair of boots (worn)
   (You found it on level 2 of the Dungeon)
 u - a +0 cloak (worn)
   (You found it on level 9 of the Dungeon)
 C - a +0 helmet (worn)
   (You found it on level 2 of the Dungeon)
 I - a +0 shield (worn)
 J - a +0 chain mail (worn)
   (You found it on level 2 of the Lair of Beasts)
Jewellery
 a - an amulet of faith (around neck)
   (You found it on level 3 of the Lair of Beasts)
 c - an uncursed ring of protection from cold
   (You found it on level 8 of the Dungeon)
 k - an uncursed ring of resist corrosion
   (You found it on level 3 of the Dungeon)
 v - a +4 ring of evasion (right hand)
   (You found it on level 2 of the Dungeon)
 x - a +3 ring of strength (left hand)
   (You took it off a kobold on level 3 of the Dungeon)
 E - the ring "Meorhew" {rElec rN+ MR- Stlth+}
   (You found it on level 2 of the Lair of Beasts)

   [ring of stealth]

   It insulates you from electricity.
   It protects you from negative energy.
   It affects your resistance to hostile enchantments.
   It makes you more stealthy.
Wands
 A - a wand of scattershot (1)
   (You found it on level 5 of the Dungeon)
 H - a wand of paralysis (28)
   (You found it on level 8 of the Dungeon)
 K - a wand of iceblast (6)
   (You found it on level 4 of the Lair of Beasts)
Scrolls
 b - a scroll of holy word {unknown}
 o - 3 scrolls of fear
 r - 2 scrolls of identify
 t - 3 scrolls of teleportation
 w - 7 scrolls of remove curse
 y - a scroll of immolation
Potions
 d - 3 potions of might
 g - 5 potions of invisibility
 h - a potion of haste
 j - 2 potions of magic
 m - a potion of flight
 n - 2 potions of resistance
 p - a potion of mutation {unknown}
 q - a potion of curing
 s - 2 potions of agility
 z - a potion of ambrosia
 B - 2 potions of lignification {unknown}
 D - 2 potions of brilliance {unknown}
 F - 3 potions of heal wounds {unknown}
Miscellaneous
 L - a lamp of fire
   (You found it on level 5 of the Lair of Beasts)
Comestibles
 e - 16 rations
 M - 7 chunks of flesh


   Skills:
 + Level 11.4 Fighting
 * Level 16.1 Axes
 + Level 10.6 Armour
 + Level 10.6 Shields
 + Level 10.5 Invocations
 - Level 5.0 Evocations


You had 12 spell levels left.
You didn't know any spells.
Your spell library was empty.

Dungeon Overview and Level Annotations

Branches:
Dungeon (10/15)            Temple (1/1) D:5            Lair (6/6) D:9
 Shoals (0/4) Lair:2        Snake (0/4) Lair:3        Slime (0/5) Lair:5
    Orc: D:9-12

Altars:
Cheibriados
Dithmenos
Elyvilon
Fedhas
Gozag
Hepliaklqana
Makhleb
Nemelex Xobeh
Okawaru
Qazlal
Ru
Sif Muna
Uskayaw
Wu Jian
Xom
Yredelemnul
Zin
The Shining One
Jiyva

Annotations:
D:3 1 runed translucent door, Esos's ghost, weakling DgIE
Lair:1 exclusion: oklob plant
Lair:4 exclusion: oklob plant
Lair:5 1 runed translucent door, Fica's ghost, journeyman HaHu


Message History

You feel sick.
You are too injured to fight recklessly!
You are too injured to fight recklessly!
You hit the spiny frog but do no damage.
You feel sick.
You hit the spiny frog.
The spiny frog is lightly wounded.
You slash the spiny frog!
You feel sick. You block the spiny frog's attack. The spiny frog stings you!
* * * LOW HITPOINT WARNING * * *
You are lethally poisoned!
The spiny frog poisons you!
You completely miss the spiny frog.
The spiny frog is lightly wounded.
You hit the spiny frog but do no damage.
* * * LOW HITPOINT WARNING * * *
You feel sick. The spiny frog stings you!
* * * LOW HITPOINT WARNING * * *
The spiny frog stings you!
You die...

. #............#..#. ..
##.†÷..................P ..#
#...#P#.....#..........P
..##...####..............P#
#%##.## #....P###.......##
##..<.####....####..F....#
##..÷...%#.....##...†$....≈
#....8..÷...÷..###.††.....P
#....####...##..@###§†F†P.≈P
...## ##÷..##.FF#.†#≈.≈≈≈≈
..# #...(##.#FF## ≈≈FP≈ ..
.#...###...# ≈≈≈≈ . ..
........## ≈≈≈ ....8#...# ≈≈
.....+.### ≈ ...# ### ...


You could see 2 spiny frogs and 2 blink frogs.

Vanquished Creatures
  6 hydras
  A catoblepas (Lair:2)
  A death yak (Lair:5)
  Nergalle (Lair:3)
  Pikel (D:4)
  A guardian serpent (Lair:3)
  A merfolk siren (Lair:2)
  4 black mambas
  16 spiny frogs
  8 komodo dragons
  A troll (D:9)
  6 polar bears
  3 blink frogs (Lair:6)
  A dream sheep (Lair:5)
  4 hippogriffs
  2 wyverns
  16 yaks
  2 basilisks
  2 humans (D:8)
  Grum (D:9)
  A hungry ghost (D:7)
  A steam dragon (Lair:4)
  5 vampire mosquitoes (Lair:6)
  Edmund (D:5)
  5 water moccasins
  Duvessa (D:7)
  9 porcupines
  3 phantoms
  2 ice beasts (D:9)
  3 black bears
  6 ogres
  8 wolves
  4 centaurs
  8 crocodiles
  2 big kobolds (D:9)
  14 bullfrogs
  Dowan (D:7)
  A wyvern skeleton (D:8)
  A scorpion (D:8)
  16 killer bees
  2 howler monkeys (D:9)
  2 crimson imps
  A quasit (D:3)
  11 hounds
  A jelly (D:4)
  9 orc wizards
  5 orc priests
  A gnoll shaman (D:9)
  2 bullfrog skeletons
  2 worker ants
  2 hound zombies
  A worker ant zombie (D:8)
  10 gnolls
  12 adders
  A shadow imp (D:5)
  An adder zombie (D:9)
  2 adder skeletons
  3 worms
  2 leopard geckos
  13 orcs
  10 bats
  22 giant cockroaches
  2 gnoll zombies (D:3)
  7 goblins
  17 hobgoblins
  19 jackals
  6 quokkas
  3 frilled lizards
  3 jackal skeletons
  12 kobolds
  A leopard gecko skeleton (D:6)
  2 rats (D:1)
  3 fungi
  3 plants
363 creatures vanquished.

Vanquished Creatures (others)
  Eustachio (D:4)
  6 fungi
  20 plants
27 creatures vanquished.

Grand Total: 390 creatures vanquished

Notes
Turn   | Place    | Note
-------+----------+-------------------------------------------
     0 | D:1      | Flugslaktarn the Hill Orc Fighter began the quest for the
                  | Orb.
     0 | D:1      | Reached XP level 1. HP: 19/19 MP: 1/1
   131 | D:1      | Reached skill level 3 in Axes
   239 | D:1      | Reached XP level 2. HP: 26/27 MP: 2/2
   501 | D:1      | Reached XP level 3. HP: 33/33 MP: 3/3
   772 | D:1      | You fall into a shaft and drop 1 floor!
  1202 | D:2      | Reached skill level 4 in Axes
  1220 | D:2      | Reached XP level 4. HP: 39/40 MP: 4/4
  1732 | D:2      | Reached XP level 5. HP: 43/47 MP: 5/5
  2428 | D:3      | Found a faded altar of an unknown god.
  2467 | D:3      | Reached skill level 5 in Axes
  2546 | D:3      | Found a basalt altar of Yredelemnul.
  2663 | D:3      | Found a runed translucent door.
  2775 | D:3      | Noticed Esos's ghost (weakling DgIE)
  2904 | D:4      | Noticed a phantom
  2943 | D:4      | Killed a phantom
  2943 | D:4      | Reached XP level 6. HP: 41/55 MP: 6/6
  3045 | D:4      | Reached skill level 5 in Fighting
  3101 | D:4      | Found the +2 Maxwell's thermic engine {flame, freeze}
  3115 | D:4      | Reached skill level 6 in Axes
  3333 | D:4      | Noticed Pikel
  3361 | D:4      | Killed Pikel
  3361 | D:4      | Reached skill level 7 in Axes
  3361 | D:4      | Reached skill level 5 in Armour
  3361 | D:4      | Reached skill level 5 in Shields
  3361 | D:4      | Reached XP level 7. HP: 46/62 MP: 7/7
  3373 | D:4      | Killed Eustachio
  3379 | D:4      | Noticed a freed slave
  3514 | D:4      | Reached XP level 8. HP: 70/70 MP: 8/8
  3632 | D:5      | Entered Level 5 of the Dungeon
  3857 | D:5      | Found a shadowy altar of Dithmenos.
  3888 | D:5      | Reached skill level 8 in Axes
  3908 | D:5      | Found a staircase to the Ecumenical Temple.
  3925 | Temple   | Entered the Ecumenical Temple
  4002 | Temple   | Became a worshipper of Uskayaw the Reveler
  4029 | D:5      | Reached * piety under Uskayaw
  4111 | D:5      | Noticed Edmund
  4128 | D:5      | Reached ** piety under Uskayaw
  4134 | D:5      | Killed Edmund
  4134 | D:5      | Reached skill level 1 in Invocations
  4557 | D:5      | Reached skill level 1 in Evocations
  4748 | D:5      | Reached *** piety under Uskayaw
  5261 | D:6      | Reached skill level 9 in Axes
  5523 | D:6      | Reached **** piety under Uskayaw
  5739 | D:6      | Found a sparkling altar of Nemelex Xobeh.
  5827 | D:6      | Found a stormy altar of Qazlal.
  5829 | D:6      | Noticed an air elemental
  5830 | D:6      | Noticed a water elemental
  6022 | D:7      | Reached XP level 9. HP: 75/78 MP: 10/10
  6039 | D:7      | Noticed Duvessa
  6041 | D:7      | Noticed Dowan
  6052 | D:7      | Reached ***** piety under Uskayaw
  6061 | D:7      | Killed Duvessa
  6062 | D:7      | Killed Dowan
  6062 | D:7      | Reached ****** piety under Uskayaw
  6153 | D:7      | Found a white marble altar of Elyvilon.
  6676 | D:8      | Reached skill level 10 in Axes
  6754 | D:8      | Found an iron altar of Okawaru.
  6927 | D:8      | Found a shimmering altar of Xom.
  6951 | D:8      | Reached XP level 10. HP: 26/88 MP: 13/13
  7389 | D:8      | Found a shimmering altar of Xom.
  7390 | D:8      | Found a shimmering altar of Xom.
  7390 | D:8      | Found a shimmering altar of Xom.
  7570 | D:9      | Reached skill level 11 in Axes
  7570 | D:9      | Reached skill level 5 in Invocations
  8085 | D:9      | Noticed Grum
  8443 | D:9      | Found a staircase to the Lair.
  8889 | D:9      | Killed Grum
  9102 | D:9      | Reached skill level 12 in Axes
  9302 | D:9      | Reached XP level 11. HP: 95/95 MP: 15/15
  9683 | D:10     | Entered Level 10 of the Dungeon
  9735 | Lair:1   | Entered Level 1 of the Lair of Beasts
  9762 | Lair:1   | Reached skill level 5 in Evocations
 10133 | Lair:1   | Noticed an oklob plant
 10843 | Lair:2   | Noticed a six-headed hydra
 10843 | Lair:2   | Noticed a six-headed hydra
 10857 | Lair:1   | Killed a six-headed hydra
 11268 | Lair:2   | Killed a six-headed hydra
 11268 | Lair:2   | Reached skill level 13 in Axes
 11392 | Lair:2   | Found a staircase to the Shoals.
 11894 | Lair:2   | Got a pitted lapis lazuli ring
 11993 | Lair:2   | Identified the ring "Meorhew" {rElec rN+ MR- Stlth+} (You
                  | found it on level 2 of the Lair of Beasts)
 12149 | Lair:2   | Noticed a catoblepas
 12167 | Lair:2   | Killed a catoblepas
 12167 | Lair:2   | Reached XP level 12. HP: 50/106 MP: 18/18
 12698 | Lair:3   | Reached skill level 10 in Fighting
 12698 | Lair:3   | Reached skill level 14 in Axes
 13354 | Lair:3   | Noticed Nergalle
 13369 | Lair:3   | Killed Nergalle
 13708 | Lair:3   | Found a staircase to the Snake Pit.
 13876 | Lair:4   | Found a glowing silver altar of Zin.
 14190 | Lair:4   | Noticed a seven-headed hydra
 14201 | Lair:4   | Killed a ten-headed hydra
 15276 | Lair:5   | Reached skill level 15 in Axes
 15619 | Lair:5   | Reached skill level 10 in Shields
 15621 | Lair:5   | Reached skill level 10 in Armour
 15734 | Lair:5   | Noticed a five-headed hydra
 15741 | Lair:5   | Killed a five-headed hydra
 15767 | Lair:5   | Reached XP level 13. HP: 90/115 MP: 20/20
 15911 | Lair:5   | Found a staircase to the Slime Pits.
 15911 | Lair:5   | Found a viscous altar of Jiyva.
 16015 | Lair:5   | Found a runed translucent door.
 16015 | Lair:5   | Found a shimmering altar of Xom.
 16015 | Lair:5   | Noticed Fica's ghost (journeyman HaHu)
 16153 | Lair:5   | Reached skill level 10 in Invocations
 16474 | Lair:6   | Entered Level 6 of the Lair of Beasts
 16893 | Lair:6   | Reached skill level 16 in Axes
 16908 | Lair:6   | HP: 3/116 [spiny frog (11)]
 16908 | Lair:6   | Mangled by a spiny frog

Levels and vault maps discovered:
D:1:      nicolae_arrival_washed_ashore, layout_basic
D:2:      minmay_roachtagon, layout_basic
D:3:      layout_rooms, lemuel_zombie_altar_yredelemnul, gammafunk_ghost_grave,
          chequers_ecumenical_altar_simple_redux
D:4:      layout_basic, first_ration, uniq_pikel, uniq_eustachio
D:5:      layout_basic, temple_fountains, minmay_strange_pillars,
          grunt_dithmenos_shadows, uniq_edmund
D:6:      layout_cave_pods, nicolae_qazlal_style_of_elements,
          nicolae_overflow_hidden_temple
D:7:      layout_basic, kennysheep_mini_moat, uniq_duvessa
D:8:      layout_basic, okawaru_humans, xom_redecorated
D:9:      kennysheep_housing_project, layout_irregular_city,
          david_lair_shrubbed, uniq_grum
D:10:     cheibrodos_grave_circle, layout_cave_pools, zombieorc2_lemuel,
          kennysheep_doodads
Temple:   eino_temple_scatter_basement
Lair:1:   layout_regular_city, st_stairs_7, minivault_19,
          minmay_lair_oklob_chamber
Lair:2:   beast_lair_carwin_large_2, layout_chaotic_city,
          elwin_shoals_entry_rooms, minivault_26, grunt_megastairs_4,
          lemuel_fruit_fields
Lair:3:   layout_roguey, minmay_snake_entry_spellcaster, grunt_megastairs_1,
          uniq_nergalle
Lair:4:   layout_hall_layers, wad_woods_river_03, lemuel_oklob_altar,
          grunt_megastairs_2, serial_bayou_shore_b
Lair:5:   layout_gridlike, slime_altar_1, ebering_ghost_xom,
          minmay_shattered_shrine
Lair:6:   minmay_lair_end_frog_pond, layout_layer_cave, grunt_megastairs_5,
          uniq_urug

Skill      XL: |  1  2  3  4  5  6  7  8  9 10 11 12 13 |
---------------+----------------------------------------+-----
Axes           | 3 4 5 7 9 10 12 13 15 16 | 16.1
Fighting       | 4 5 6 7 8 9 10 11 | 11.4
Armour         | 4 5 6 7 8 9 10 | 10.6
Shields        | 4 5 6 7 8 9 10 | 10.6
Invocations    | 2 4 6 8 9 10 | 10.5
Evocations     | 2 3 4 5 |  5.0

Action                   |  1- 3 |  4- 6 |  7- 9 | 10-12 | 13-15 || total
-------------------------+-------+-------+-------+-------+-------++-------
Melee: War axe           |   125 |   231 |   317 |   289 |       ||   962
       Broad axe         |       |       |       |   354 |    87 ||   441
Invok: Stomp             |       |       |       |     3 |       ||     3
       Grand Finale      |       |       |       |       |     1 ||     1
Evoke: Wand              |       |       |     1 |     8 |       ||     9
  Use: Potion            |       |       |     1 |     3 |       ||     4
       Scroll            |       |       |       |    16 |       ||    16
 Stab: Paralysed         |       |       |    17 |    57 |    27 ||   101
  Eat: Chunk             |     1 |     7 |     6 |    22 |     5 ||    41
       Ration            |       |       |     3 |     2 |       ||     5
Armor: Scale mail        |   109 |   128 |   115 |   169 |       ||   521
       Chain mail        |       |       |       |    87 |    49 ||   136
Dodge: Dodged            |    61 |   116 |   138 |   290 |    44 ||   649
Block: Shield            |   111 |   153 |   137 |   379 |    68 ||   848
